PCL
VANCOUVER VIPERS @ CALGARY COWBOYS
04/08/2024
 
TOP OF THE 1ST
Vancouver Vipers batting - Pitching for Calgary Cowboys : RHP Bert Killick
Pitching: RHP Bert Killick
Batting: RHB Salvador Medine 0-0: Called Strike
0-1: Ball
1-1: Foul Ball, location: 2F
1-2: Ball
2-2: Fly out, F7 (Flyball, 7LD)
Batting: RHB Júlio Figueroa 0-0: Called Strike
0-1: Ball
1-1: Swinging Strike
1-2: Strikes out swinging
Batting: RHB Howard Lane 0-0: Ball
1-0: Called Strike
1-1: Swinging Strike
1-2: Fly out, F9 (Line Drive, 9S)
Top of the 1st over - 0 run(s), 0 hit(s), 0 error(s), 0 left on base; Vancouver 0 - Calgary 0
BOTTOM OF THE 1ST
Calgary Cowboys batting - Pitching for Vancouver Vipers : RHP Kazuo Mochizuki
Pitching: RHP Kazuo Mochizuki
Batting: RHB Clark Hodge 0-0: Called Strike
0-1: Ball
1-1: Ground out 1-3 (Groundball, 25)
Batting: RHB Mike Wilcox 0-0: Ball
1-0: Foul Ball, location: 2F
1-1: Called Strike
1-2: Fly out, F4 (Popup, 8RS)
Batting: RHB Ramón Martínez 0-0: Foul Ball, location: 2F
0-1: Foul Ball, location: 2F
0-2: Strikes out swinging
Bottom of the 1st over - 0 run(s), 0 hit(s), 0 error(s), 0 left on base; Vancouver 0 - Calgary 0
TOP OF THE 2ND
Vancouver Vipers batting - Pitching for Calgary Cowboys : RHP Bert Killick
Batting: RHB Sergio Pujols 0-0: Called Strike
0-1: Ball
1-1: DOUBLE (Flyball, 8RS)
Batting: RHB Guillermo Sánchez 0-0: Called Strike
0-1: Ball
1-1: Foul Ball, location: 2F
1-2: Foul Ball, location: 2F
1-2: Strikes out swinging
Batting: LHB Mike Williams 0-0: Ball
1-0: Called Strike
1-1: Ball
2-1: Ball
3-1: Foul Ball, location: 2F
3-2: Ground out 1-3 (Groundball, 23)
Sergio Pujols to third
Batting: RHB Lorenzo González 0-0: Foul Ball, location: 2F
0-1: Ball
1-1: Ball
2-1: Ball
3-1: Called Strike
3-2: Foul Ball, location: 2F
3-2: Strikes out looking
Top of the 2nd over - 0 run(s), 1 hit(s), 0 error(s), 1 left on base; Vancouver 0 - Calgary 0
BOTTOM OF THE 2ND
Calgary Cowboys batting - Pitching for Vancouver Vipers : RHP Kazuo Mochizuki
Batting: RHB Cristián Peña 0-0: Swinging Strike
0-1: Ball
1-1: Foul Ball, location: 2F
1-2: Fly out, F7 (Flyball, 8LD)
Batting: RHB Dan Wyatt 0-0: Ground out 5-3 (Groundball, 5S)
Batting: RHB Mario Sánchez 0-0: Ball
1-0: Ball
2-0: Ball
3-0: Foul Ball, location: 2F
3-1: Base on Balls
Batting: RHB Derek Carr 0-0: Called Strike
0-1: Ball
1-1: Ball
2-1: Called Strike
2-2: Strikes out swinging
Bottom of the 2nd over - 0 run(s), 0 hit(s), 0 error(s), 1 left on base; Vancouver 0 - Calgary 0
TOP OF THE 3RD
Vancouver Vipers batting - Pitching for Calgary Cowboys : RHP Bert Killick
Batting: SHB Kyle MacGregor 0-0: Called Strike
0-1: Called Strike
0-2: Foul Ball, location: 2F
0-2: Foul Ball, location: 2F
0-2: Ball
1-2: SINGLE (Groundball, 4MD)
Batting: LHB Malcolm Thomas 0-0: Called Strike
0-1: Ball
1-1: Swinging Strike
1-2: Ball
2-2: Fielders Choice at 2nd, 6-4 (Groundball, 6)
Batting: RHB Salvador Medine 0-0: Ball
1-0: Called Strike
1-1: Swinging Strike
1-2: Strikes out swinging
Batting: RHB Júlio Figueroa 0-0: Ball
1-0: Fielders Choice at 2nd, 5-4 (Groundball, 5)
Top of the 3rd over - 0 run(s), 1 hit(s), 0 error(s), 0 left on base; Vancouver 0 - Calgary 0
BOTTOM OF THE 3RD
Calgary Cowboys batting - Pitching for Vancouver Vipers : RHP Kazuo Mochizuki
Batting: LHB Freddy Herrera 0-0: Ball
1-0: Ball
2-0: Ball
3-0: Base on Balls
Batting: RHB Tom Yarbrough 0-0: Ball
1-0: Called Strike
1-1: Swinging Strike
1-2: Ball
2-2: SINGLE (Groundball, 34)
Freddy Herrera to second
Runner from 2nd tries for 3rd, SAFE, throw made to third
Tom Yarbrough to second
Batting: RHB Clark Hodge 0-0: Called Strike
0-1: Ball
1-1: Fly out, F5 (Popup, 5SF)
Batting: RHB Mike Wilcox 0-0: Ball
1-0: Called Strike
1-1: Ball
2-1: Ball
3-1: Foul Ball, location: 2F
3-2: Fly out, F7 (Flyball, 7S)
Batting: RHB Ramón Martínez 0-0: Ball
1-0: Ball
2-0: Swinging Strike
2-1: Ground out 6-3 (Groundball, 6)
Bottom of the 3rd over - 0 run(s), 1 hit(s), 0 error(s), 2 left on base; Vancouver 0 - Calgary 0
TOP OF THE 4TH
Vancouver Vipers batting - Pitching for Calgary Cowboys : RHP Bert Killick
Batting: RHB Howard Lane 0-0: Ball
1-0: Ball
2-0: Foul Ball, location: 2F
2-1: Ball
3-1: Base on Balls
Batting: RHB Sergio Pujols 0-0: Foul Ball, location: 2F
0-1: Ball
1-1: Foul Ball, location: 2F
1-2: Ball
2-2: Ball
3-2: Base on Balls
Howard Lane to second
Batting: RHB Guillermo Sánchez 0-0: Called Strike
0-1: Ball
1-1: Foul Ball, location: 2F
1-2: Strikes out swinging
Batting: LHB Mike Williams 0-0: Fly out, F7 (Flyball, 78M)
Batting: RHB Lorenzo González 0-0: Ball
1-0: Called Strike
1-1: Ball
2-1: Swinging Strike
2-2: Foul Ball, location: 2F
2-2: Strikes out swinging
Top of the 4th over - 0 run(s), 0 hit(s), 0 error(s), 2 left on base; Vancouver 0 - Calgary 0
BOTTOM OF THE 4TH
Calgary Cowboys batting - Pitching for Vancouver Vipers : RHP Kazuo Mochizuki
Batting: RHB Cristián Peña 0-0: Ball
1-0: Ground out 4-3 (Groundball, 4MS)
Batting: RHB Dan Wyatt 0-0: Foul Ball, location: 2F
0-1: Ball
1-1: Ball
2-1: SINGLE (Groundball, 56D)
Batting: RHB Mario Sánchez 0-0: Ball
1-0: Called Strike
1-1: Ball
2-1: Foul Ball, location: 2F
2-2: Strikes out swinging
Batting: RHB Derek Carr 0-0: Called Strike
0-1: Swinging Strike
0-2: Ball
1-2: Strikes out swinging
Bottom of the 4th over - 0 run(s), 1 hit(s), 0 error(s), 1 left on base; Vancouver 0 - Calgary 0
TOP OF THE 5TH
Vancouver Vipers batting - Pitching for Calgary Cowboys : RHP Bert Killick
Batting: SHB Kyle MacGregor 0-0: Fly out, F8 (Flyball, 8LM)
Batting: LHB Malcolm Thomas 0-0: Ball
1-0: SINGLE (Groundball, 56D)
Batting: RHB Salvador Medine 0-0: Ball
1-0: Called Strike
1-1: Fielders Choice at 2nd, 3-6 (Groundball, 3)
Batting: RHB Júlio Figueroa 0-0: Called Strike
0-1: Ball
1-1: Ball
2-1: Foul Ball, location: 2F
2-2: Fly out, F8 (Flyball, 89M)
Top of the 5th over - 0 run(s), 1 hit(s), 0 error(s), 1 left on base; Vancouver 0 - Calgary 0
BOTTOM OF THE 5TH
Calgary Cowboys batting - Pitching for Vancouver Vipers : RHP Kazuo Mochizuki
Batting: LHB Freddy Herrera 0-0: Ball
1-0: Called Strike
1-1: DOUBLE (Line Drive, 9LS)
Batting: RHB Tom Yarbrough 0-0: Fly out, F7 (Flyball, 7LS)
Batting: RHB Clark Hodge 0-0: Called Strike
0-1: Foul Ball, location: 2F
0-2: Fly out, F4 (Line Drive, 4)
Batting: RHB Mike Wilcox 0-0: Called Strike
0-1: Ball
1-1: Swinging Strike
1-2: Ball
2-2: Foul Ball, location: 2F
2-2: Ball
3-2: Base on Balls
Batting: RHB Ramón Martínez 0-0: Ball
1-0: Ball
2-0: Ball
3-0: Base on Balls
Freddy Herrera to third
Mike Wilcox to second
Batting: RHB Cristián Peña 0-0: Ball
1-0: Called Strike
1-1: GRAND SLAM HOME RUN (Line Drive, 89XD), Distance : 417 ft
Batting: RHB Dan Wyatt 0-0: Ball
1-0: Fly out, F3 (Popup, 3F)
Bottom of the 5th over - 4 run(s), 2 hit(s), 0 error(s), 0 left on base; Vancouver 0 - Calgary 4
TOP OF THE 6TH
Vancouver Vipers batting - Pitching for Calgary Cowboys : RHP Bert Killick
Batting: RHB Howard Lane 0-0: Ball
1-0: Ball
2-0: Ball
3-0: Called Strike
3-1: Base on Balls
Batting: RHB Sergio Pujols 0-0: Ball
1-0: Ball
2-0: Fly out, F8 (Flyball, 8RD)
Batting: RHB Guillermo Sánchez 0-0: Ball
1-0: Ball
2-0: Ball
3-0: Base on Balls
Howard Lane to second
Batting: LHB Mike Williams 0-0: Ball
1-0: Ball
2-0: Ball
3-0: Called Strike
3-1: Base on Balls
Howard Lane to third
Guillermo Sánchez to second
Pitching: RHP Richard Boyd
Batting: RHB Lorenzo González 0-0: Ball
1-0: Foul Ball, location: 2F
1-1: Called Strike
1-2: Strikes out looking
Batting: SHB Kyle MacGregor 0-0: Foul Ball, location: 2F
0-1: Swinging Strike
0-2: Foul Ball, location: 2F
0-2: Ball
1-2: Strikes out looking
Top of the 6th over - 0 run(s), 0 hit(s), 0 error(s), 3 left on base; Vancouver 0 - Calgary 4
BOTTOM OF THE 6TH
Calgary Cowboys batting - Pitching for Vancouver Vipers : RHP Kazuo Mochizuki
Pitching: RHP Michael Chapman
Batting: RHB Mario Sánchez 0-0: Ball
1-0: Ball
2-0: Called Strike
2-1: Ball
3-1: Foul Ball, location: 2F
3-2: Foul Ball, location: 2F
3-2: Foul Ball, location: 2F
3-2: Strikes out swinging
Batting: RHB Derek Carr 0-0: Called Strike
0-1: Swinging Strike
0-2: Ball
1-2: Strikes out swinging
Batting: LHB Freddy Herrera 0-0: Called Strike
0-1: Ball
1-1: Foul Ball, location: 2F
1-2: Ball
2-2: Foul Ball, location: 2F
2-2: Foul Ball, location: 2F
2-2: Ball
3-2: Foul Ball, location: 2F
3-2: Foul Ball, location: 2F
3-2: SINGLE (Line Drive, 9S)
Batting: RHB Tom Yarbrough 0-0: Ball
1-0: Ball
2-0: Fly out, F6 (Popup, 6M)
Bottom of the 6th over - 0 run(s), 1 hit(s), 0 error(s), 1 left on base; Vancouver 0 - Calgary 4
TOP OF THE 7TH
Vancouver Vipers batting - Pitching for Calgary Cowboys : RHP Richard Boyd
Batting: LHB Malcolm Thomas 0-0: Ball
1-0: Ball
2-0: Swinging Strike
2-1: Foul Ball, location: 2F
2-2: Ball
3-2: Strikes out swinging
Batting: RHB Salvador Medine 0-0: Called Strike
0-1: Ball
1-1: TRIPLE (Line Drive, 3L)
Batting: RHB Júlio Figueroa Error on foul ball, E3
0-1: Ball
1-1: SINGLE (Groundball, 56D)
Salvador Medine scores
Batting: RHB Howard Lane 0-0: Ball
1-0: DOUBLE (Line Drive, 7D)
Júlio Figueroa to third
Batting: RHB Sergio Pujols 0-0: Called Strike
0-1: Ball
1-1: Ball
2-1: Called Strike
2-2: Strikes out swinging
Pitching: RHP Mitsunari Jouda
Batting: RHB Guillermo Sánchez 0-0: Ball
1-0: Foul Ball, location: 2F
1-1: Called Strike
1-2: Ball
2-2: Strikes out swinging
Top of the 7th over - 1 run(s), 3 hit(s), 1 error(s), 2 left on base; Vancouver 1 - Calgary 4
BOTTOM OF THE 7TH
Calgary Cowboys batting - Pitching for Vancouver Vipers : RHP Michael Chapman
Batting: RHB Clark Hodge 0-0: Ball
1-0: SINGLE (Groundball, 34D)
Batting: RHB Mike Wilcox 0-0: Ball
1-0: Called Strike
1-1: Called Strike
1-2: Strikes out looking
Batting: RHB Ramón Martínez 0-0: Called Strike
Pickoff Throw to First - Error! E1
Clark Hodge to second
0-1: Ball
1-1: SINGLE (Line Drive, 89S)
Clark Hodge to third
Runner from 3rd tries for Home, SAFE, no throw or cutoff
Batting: RHB Cristián Peña 0-0: Grounds into double play, 1-6-3 (Groundball, 13S)
Bottom of the 7th over - 1 run(s), 2 hit(s), 1 error(s), 0 left on base; Vancouver 1 - Calgary 5
TOP OF THE 8TH
Vancouver Vipers batting - Pitching for Calgary Cowboys : RHP Mitsunari Jouda
Batting: LHB Mike Williams 0-0: Foul Ball, location: 2F
0-1: Called Strike
0-2: Foul Ball, location: 2F
0-2: Foul Ball, location: 2F
0-2: Ball
1-2: Fly out, F8 (Flyball, 8RD)
Batting: RHB Lorenzo González 0-0: Foul Ball, location: 2F
0-1: Called Strike
0-2: SINGLE (Line Drive, 5S)
Batting: SHB Kyle MacGregor 0-0: Swinging Strike
0-1: Ball
1-1: Foul Ball, location: 2F
1-2: Strikes out swinging
Batting: LHB Malcolm Thomas 0-0: Fielders Choice at 2nd, U4 (Groundball, 4M)
Top of the 8th over - 0 run(s), 1 hit(s), 0 error(s), 1 left on base; Vancouver 1 - Calgary 5
BOTTOM OF THE 8TH
Calgary Cowboys batting - Pitching for Vancouver Vipers : RHP Michael Chapman
Pitching: LHP Artie Nelson
Batting: RHB Dan Wyatt 0-0: Ball
1-0: SINGLE (Line Drive, 4MD)
Batting: RHB Mario Sánchez 0-0: Sac Bunt - play at first, batter OUT! 1-4
Dan Wyatt to second
Batting: RHB Derek Carr 0-0: Called Strike
0-1: Foul Ball, location: 2F
0-2: Foul Ball, location: 2F
0-2: Ball
1-2: Hit by Pitch
Batting: LHB Freddy Herrera 0-0: Ball
1-0: Ball
2-0: Foul Ball, location: 2F
2-1: Foul Ball, location: 2F
2-2: Foul Ball, location: 2F
2-2: Ball
3-2: Strikes out swinging
Batting: RHB Tom Yarbrough 0-0: Ground out 1-3 (Groundball, 13)
Bottom of the 8th over - 0 run(s), 1 hit(s), 0 error(s), 2 left on base; Vancouver 1 - Calgary 5
TOP OF THE 9TH
Vancouver Vipers batting - Pitching for Calgary Cowboys : RHP Mitsunari Jouda
Batting: RHB Salvador Medine 0-0: Reached on Error, E8 (Line Drive, 8LM)
Batting: RHB Júlio Figueroa 0-0: Ball
1-0: Swinging Strike
1-1: Swinging Strike
1-2: Ball
2-2: Ball
3-2: DOUBLE (Flyball, 7LM)
Salvador Medine scores
Pitching: RHP Tatsuzo Harada
Batting: RHB Howard Lane 0-0: Ball
1-0: Ball
2-0: Foul Ball, location: 2F
2-1: Foul Ball, location: 2F
2-2: Ball
3-2: DOUBLE (Line Drive, 9LS)
Júlio Figueroa scores
Pinch Hitting: LHB Ray Spencer 0-0: Called Strike
0-1: Ball
1-1: Ball
2-1: Foul Ball, location: 2F
2-2: SINGLE (Groundball, 4MD)
Howard Lane to third
Batting: RHB Guillermo Sánchez 0-0: Ball
Wild Pitch!
Howard Lane scores
Ray Spencer to second
1-0: Ball
2-0: Ball
3-0: Foul Ball, location: 2F
3-1: Base on Balls
Batting: LHB Mike Williams 0-0: Sac Bunt - play at first, batter OUT! 5-4
Ray Spencer to third
Guillermo Sánchez to second
Batting: RHB Lorenzo González 0-0: Called Strike
0-1: Called Strike
0-2: Ball
1-2: Ball
2-2: Ball
3-2: Foul Ball, location: 2F
3-2: Base on Balls
Pinch Hitting: SHB Henry Copeland 0-0: Foul Ball, location: 2F
0-1: GRAND SLAM HOME RUN (Flyball, 8RXD), Distance : 432 ft
Pitching: LHP Alfredo Durán
Batting: LHB Malcolm Thomas 0-0: Foul Ball, location: 2F
0-1: Reached on error, E5 (Groundball, 56S)
Batting: RHB Salvador Medine 0-0: Called Strike
Malcolm Thomas steals 3rd base
0-1: Ball
1-1: Ball
2-1: Foul Ball, location: 2F
2-2: Fly out, F8 (Flyball, 8RM)
Runner from 3rd tags up, SCORES, no throw
Batting: RHB Júlio Figueroa 0-0: Foul Ball, location: 2F
0-1: Ball
1-1: Foul Ball, location: 2F
1-2: Foul Ball, location: 2F
1-2: Ball
2-2: Ball
3-2: Fly out, F7 (Popup, 6D)
Top of the 9th over - 8 run(s), 4 hit(s), 2 error(s), 0 left on base; Vancouver 9 - Calgary 5
BOTTOM OF THE 9TH
Calgary Cowboys batting - Pitching for Vancouver Vipers : LHP Artie Nelson
Pitching: RHP Ulric Duval
Now at 2B: Cristo Gilera
Now at 3B: Luis Sáenz
Batting: RHB Clark Hodge 0-0: Ball
1-0: Called Strike
1-1: Foul Ball, location: 2F
1-2: Strikes out swinging
Batting: RHB Mike Wilcox 0-0: Foul Ball, location: 2F
0-1: Swinging Strike
0-2: Strikes out looking
Batting: RHB Ramón Martínez 0-0: Ball
1-0: Ball
2-0: Ball
3-0: Base on Balls
Batting: RHB Cristián Peña 0-0: Ball
1-0: Ball
2-0: Ball
3-0: Foul Ball, location: 2F
3-1: Fly out, F3 (Popup, 3F)
Bottom of the 9th over - 0 run(s), 0 hit(s), 0 error(s), 1 left on base; Vancouver 9 - Calgary 5
This league is powered by Out of the Park Baseball, the baseball management simulation game for PC, Mac and Linux
Saturday, April 9th, 2016 - OOTP Baseball 16.8 Build 38